 Dungeon Crawl Stone Soup version 0.27.1-4-g1640c2035a (webtiles) character file.

Game seed: 6107833952072338600

51 Descartes the Skirmisher (level 3, -1/18 (19) HPs)
             Began as a Felid Wanderer on Nov 1, 2021.
             Slain by a wight (3 damage)
             ... on level 3 of the Dungeon.
             The game lasted 00:03:31 (3197 turns).

Descartes the Skirmisher (Felid Wanderer)           Turns: 3197, Time: 00:03:33

HP:   -1/18 (19)    AC:  1    Str: 11    XL:     3   Next: 57%
MP:   7/7           EV: 17    Int: 13    God:
Gold: 50            SH:  0    Dex: 13    Spells: 5/6 levels left
                                        Lives: 0   Deaths: 0

rFire    . . .     SeeInvis +     - Unarmed
rCold    . . .     Faith    .   (shield unavailable)
rNeg     . . .     Spirit   .   (armour unavailable)
rPois    .         Reflect  .   (helmet unavailable)
rElec    .         Harm     .   (cloak unavailable)
rCorr    .         Rampage  .   (gloves unavailable)
Will     .....                  (boots unavailable)
Stlth    ++........             (no amulet)
HPRegen  0.06/turn              m - ring of flight
MPRegen  0.10/turn              (no ring)

@: flying, drained, quick
A: very small, claws 1, fangs 3, see invisible, speed 1, shaggy fur 1, stealthy
paws, no weapons or thrown items, no armour, multi-lived
a: no special abilities


You were on level 3 of the Dungeon.
You visited 1 branch of the dungeon, and saw 3 of its levels.

You collected 50 gold pieces.

Inventory:

Missiles
 d - 75 stones
Jewellery
 m - a ring of flight (left paw)
Scrolls
 f - a scroll of magic mapping {unknown}
 g - a scroll of enchant weapon {unknown}
 i - a scroll of teleportation {unknown}
 j - a scroll of acquirement {unknown}
 k - a scroll of summoning {unknown}
 l - a scroll of identify {unknown}
 n - a scroll of amnesia {unknown}
Potions
 a - a potion of curing
 b - a potion of brilliance {unknown}
 c - 2 potions of heal wounds {unknown}
 e - 2 potions of lignification {unknown}
 h - 4 potions of attraction {unknown}


   Skills:
 - Level 5.0 Fighting
 + Level 2.6 Dodging
 - Level 3.0 Stealth
 + Level 1.9 Unarmed Combat
 - Level 2.0 Spellcasting
 + Level 1.5 Translocations
 - Level 1.0 Earth Magic


You had 5 spell levels left.
You knew the following spells:

 Your Spells              Type           Power      Damage    Failure   Level
a - Apportation           Tloc           10%        N/A       14%         1

Your spell library contained the following spells:

 Spells                   Type           Power      Damage    Failure   Level
 Lesser Beckoning         Tloc           2%         N/A       38%         3


Dungeon Overview and Level Annotations

Branches:
Dungeon (3/15)

Altars:
Okawaru

Annotations:
D:2 Natasha


Innate Abilities, Weirdness & Mutations

You have sharp claws.
You have razor-sharp teeth.
You have supernaturally acute eyesight. (SInv)
You cover ground quickly. (Speed+)
You are covered in fur. (AC +1)
Your paws help you pounce on unaware monsters.
You are incapable of wielding weapons or throwing items.
You cannot wear armour.
You gain extra lives every three experience levels.


Message History

No target in view!
No target in view!
No target in view!
Found a stone staircase leading up.
There is a stone staircase leading up here.
A hobgoblin comes into view.
A wight comes into view. It is wielding a +0 great sword.
The hobgoblin moves out of view.
A kobold comes into view. It is wielding a +0 club.
The hobgoblin shouts!
You hear a shout!
A wight comes into view. It is wielding a +3 short sword.
A wight comes into view. It is wielding a +0 war axe.
The kobold shouts!
You hear a shout!
The wight misses you.
The wight moves out of view.
You scratch the wight.
The wight is moderately damaged.
The wight completely misses you.
You closely miss the wight.
The wight is moderately damaged.
The wight closely misses you. x2
You scratch the wight.
The wight is moderately damaged.
A goblin comes into view. It is wielding a +0 dagger.
The wight barely misses you. The wight closely misses you.
The goblin moves out of view.
You completely miss the wight.
The wight is moderately damaged.
The wight closely misses you.
You scratch the wight but do no damage.
The wight is moderately damaged.
The wight closely misses you. The kobold misses you.
The wight barely misses you.
You scratch the wight but do no damage.
The wight is moderately damaged.
The wight barely misses you. The kobold closely misses you.
The wight hits you with a +0 war axe!
Ouch! That really hurt!
* * * LOW HITPOINT WARNING * * *
You feel drained.
You die...

...#.# #.# ..##.#
#.# ####.# #<#
#.# #.# #.# #.#
####### ####.#
#.# ......#
.....# #.#
z...... #####
####.#####z......
#........@zg.#
#.#######K###...#
# #.# . #.. #.#
..# ##. ### . ...
.# ... .# ##.


You could see 3 wights, a hobgoblin and a kobold.

Vanquished Creatures
  2 adders
  3 ball pythons
  7 endoplasms
  2 giant cockroaches
  5 goblins
  2 hobgoblins (D:1)
  A quokka (D:1)
  2 bats
  2 frilled lizards
  A kobold (D:3)
  4 rats
31 creatures vanquished.

Notes
Turn   | Place    | Note
-------+----------+-------------------------------------------
     0 | D:1      | Descartes the Felid Wanderer began the quest for the Orb.
     0 | D:1      | Descartes set off with the following items: a potion of
                  | curing; and the following spell memorised: Apportation; and
                  | the following spells available to memorise: Lesser
                  | Beckoning
     0 | D:1      | Reached XP level 1. HP: 12/12 MP: 4/4
   265 | D:1      | Reached skill level 1 in Dodging
   485 | D:1      | Reached XP level 2. HP: 9/16 MP: 6/6
   542 | D:1      | Reached skill level 1 in Unarmed Combat
  1737 | D:2      | Reached XP level 3. HP: 5/19 MP: 7/7
  2036 | D:2      | Noticed Natasha
  2690 | D:3      | Reached skill level 1 in Translocations
  3119 | D:3      | Found an iron altar of Okawaru.
  3197 | D:3      | Slain by a wight

Illustrated notes

Levels and vault maps discovered:
D:1:      nzn_arrival_depleted_hourglass, layout_basic, minmay_misc_feat_rows,
          minmay_tetromino_s4
D:2:      layout_basic, dreamdust_ecumenical_altar_statues, hex_tiny,
          lemuel_flame_loot_1, uniq_natasha
D:3:      layout_loops_ring, okawaru_gym_becter, lemuel_zombie_altar_yredelemnul

Skill      XL: |  1  2  3 |
---------------+----------+-----
Stealth        | 3 |  3.0
Dodging        | 1 2 |  2.6
Unarmed Combat | 1 |  1.9
Translocations | 1 |  1.5
Fighting       | |  5.0
Spellcasting   | |  2.0
Earth Magic    | |  1.0

Action                   || total
-------------------------++-------
Melee: Unarmed           ||   101
       Bite              ||     7
 Stab: Sleeping          ||     7
Armor: Skin              ||     1
Dodge: Dodged            ||    78
